 Dungeon Crawl Stone Soup version 0.19-a0-503-g45a6586 (webtiles) character file.

1195 st0uf the Shield-Bearer (level 8, -2/62 HPs)
             Began as a Formicid Fighter on June 5, 2016.
             Was an Initiate of Ru.
             Slain by a worker ant (4 damage)
             ... on level 5 of the Dungeon.
             The game lasted 00:23:22 (4975 turns).

st0uf the Shield-Bearer (Formicid Fighter)          Turns: 4975, Time: 00:23:24

Health: -2/62      AC:  7    Str: 22    XL:     8   Next: 72%
Magic:  8/8        EV: 10    Int:  9    God:    Ru [......]
Gold:   210        SH: 10    Dex: 10    Spells: 0 memorised, 7 levels left

rFire  . . .     SeeInvis +     a - +0 long sword
rCold  . . .     Gourm    .     b - +0 scale mail
rNeg   . . .     Faith    .     c - +0 shield
rPois  .         Spirit   .     (helmet unavailable)
rElec  .         Dismiss  .     (no cloak)
rCorr  .         Reflect  .     (no gloves)
SustAt .         Harm     .     (no boots)
MR     .....                    (no amulet)
Stlth  ..........               (no ring)
                                (no ring)

@: lethally poisoned (-2 -> -19), drained, not resistant to hostile
enchantments, extremely unstealthy
A: permanent stasis, dig shafts and tunnels, four strong arms, antennae 3
a: Dig, Shaft Self, Sacrifice Health, Sacrifice Experience, Sacrifice Skill,
Reject Sacrifices, Renounce Religion


You were on level 5 of the Dungeon.
You worshipped Ru.
Ru was noncommittal.
You were not hungry.

You visited 1 branch of the dungeon, and saw 6 of its levels.

You collected 210 gold pieces.

Inventory:

Hand Weapons
 a - a +0 long sword (weapon)
Armour
 b - a +0 scale mail (worn)
 c - a +0 shield (worn)
 o - a +2 chain mail of fire resistance
 z - a +2 ring mail of magic resistance
Scrolls
 e - 3 scrolls of remove curse {unknown}
 j - a scroll of immolation {unknown}
 m - 2 scrolls of identify {unknown}
 n - 2 scrolls of fog {unknown}
 p - 2 scrolls of fear {unknown}
 t - a scroll of teleportation {unknown}
 y - 2 scrolls of blinking {unknown}
 C - a scroll of amnesia {unknown}
 D - a scroll of noise {unknown}
Potions
 d - 2 potions of might
 h - 5 potions of curing {unknown}
 i - 3 potions of degeneration {unknown}
 l - a potion of invisibility {unknown}
 r - a potion of lignification {unknown}
 s - 2 potions of ambrosia {unknown}
 u - 2 potions of brilliance {unknown}
 v - 2 potions of resistance
 w - a potion of magic {unknown}
 B - a potion of cancellation {unknown}
Books
 A - a book of Changes

   Spells                             Type                      Level
   a - Beastly Appendage              Transmutation                1
   b - Sticks to Snakes               Transmutation                2
   c - Spider Form                    Transmutation/Poison         3
   d - Ice Form                       Ice/Transmutation            4
   e - Blade Hands                    Transmutation                5
Comestibles
 f - 4 bread rations
 g - 6 meat rations
 k - a slice of pizza
 q - a beef jerky


   Skills:
 + Level 5.2(5.1) Fighting
 * Level 5.7(5.6) Long Blades
 + Level 5.2(5.1) Armour
 + Level 3.3(3.2) Dodging
 + Level 6.7(6.6) Shields


You had 7 spell levels left.
You didn't know any spells.

Dungeon Overview and Level Annotations

Branches:
Dungeon (6/15)
 Temple: D:4-7

Altars:
Fedhas
Nemelex Xobeh
Qazlal
Ru
Trog

Shops:
D:4 [   D:5 =

Annotations:
D:4 Xiguana's ghost, amateur HOFi
D:5 Xiguana's ghost, novice HOFi


Innate Abilities, Weirdness & Mutations

You are under a permanent stasis effect.
You can dig through walls and to a lower floor.
Your four strong arms can wield two-handed weapons with a shield.
You have a pair of large antennae on your head. (SInv)


Message History

You closely miss the worker ant.
The worker ant is lightly wounded.
You feel sick. You block the worker ant's attack.
You hit the worker ant.
The worker ant is moderately wounded.
You feel sick. The worker ant bites you.
* * * LOW HITPOINT WARNING * * *
You block the worker ant's attack.
You slash the worker ant!
The worker ant is severely wounded.
* * * LOW HITPOINT WARNING * * *
You feel sick. The worker ant barely misses you.
You hit the worker ant.
The worker ant is almost dead.
* * * LOW HITPOINT WARNING * * *
You feel sick. The worker ant bites you.
* * * LOW HITPOINT WARNING * * *
You are more poisoned.
The worker ant poisons you! The worker ant bites you.
You die...

........# .......##
.......... ........#
..........
........#######.........
........................
......................
....................
................a)#
#...............@#
##...............#
#..............(#
#..###..........#
##...............#
#[.......#####...## .
W.######..# ##...##..
.## #..## ##...... ....
.# ##..###..............


You could see a worker ant.

Vanquished Creatures
  Edmund (D:5)
  A phantom (D:5)
  A centaur (D:5)
  3 ogres (D:5)
  A crimson imp (D:5)
  A giant frog zombie (D:5)
  An orc priest (D:3)
  3 giant frog skeletons
  Jessica (D:3)
  5 orc wizards
  An iguana (D:5)
  2 worker ants (D:5)
  12 gnolls
  2 adders (D:3)
  An ooze (D:2)
  A worm (D:2)
  A dart slug (D:3)
  6 giant geckos
  15 orcs
  14 bats
  6 giant cockroaches
  10 goblins
  3 hobgoblins
  11 jackals
  2 quokkas
  A giant gecko skeleton (D:4)
  5 giant newts
  7 kobolds
  9 rats
127 creatures vanquished.

Notes
Turn   | Place    | Note
--------------------------------------------------------------
     0 | D:1      | st0uf the Formicid Fighter began the quest for the Orb.
     0 | D:1      | Reached XP level 1. HP: 18/18 MP: 1/1
    91 | D:1      | Reached XP level 2. HP: 24/25 MP: 2/2
   449 | D:1      | Reached XP level 3. HP: 27/30 MP: 3/3
   787 | D:2      | Reached skill level 1 in Dodging
   845 | D:2      | Reached skill level 4 in Shields
   935 | D:2      | Reached XP level 4. HP: 37/37 MP: 4/4
  1560 | D:2      | Reached XP level 5. HP: 38/42 MP: 5/5
  1770 | D:3      | Found a faded altar of an unknown god.
  1781 | D:3      | Became a worshipper of Ru the Awakened
  1828 | D:3      | Noticed Jessica
  1847 | D:3      | Killed Jessica
  1880 | D:3      | Found a sparkling altar of Nemelex Xobeh.
  2108 | D:3      | Reached XP level 6. HP: 31/49 MP: 6/6
  2529 | D:3      | Reached skill level 5 in Shields
  2892 | D:4      | Found a stormy altar of Qazlal.
  2898 | D:4      | Found a blossoming altar of Fedhas.
  3000 | D:4      | Reached XP level 7. HP: 38/55 MP: 7/7
  3242 | D:4      | Found Receahol's Antique Armour Shoppe.
  3467 | D:4      | Noticed Xiguana's ghost (amateur HOFi)
  3894 | D:5      | Entered Level 5 of the Dungeon
  4000 | D:5      | Noticed Xiguana's ghost (novice HOFi)
  4252 | D:5      | Reached skill level 5 in Long Blades
  4252 | D:5      | Reached XP level 8. HP: 58/61 MP: 8/8
  4311 | D:5      | Found Ymulukko's Jewellery Emporium.
  4398 | D:5      | Reached skill level 6 in Shields
  4418 | D:5      | Reached skill level 5 in Armour
  4420 | D:5      | Found a bloodstained altar of Trog.
  4428 | D:5      | Reached skill level 5 in Fighting
  4452 | D:5      | Noticed Edmund
  4479 | D:5      | Killed Edmund
  4699 | D:5      | Found a blossoming altar of Fedhas.
  4975 | D:5      | HP: 2/62 [worker ant (6)]
  4975 | D:5      | Slain by a worker ant

Vault maps used:
D:1:      dpeg_arrival_three_smaller_balls, minmay_misc_feat_pillars
D:3:      overflow_temple_1_default, ecumenical_altar_1,
          kennysheep_jessica_study
D:4:      grunt_temple_overflow_forces_of_nature, serial_shops,
          nicolae_shop_stone, uniq_pikel
D:5:      bloody_trog, nicolae_ru_awakened_eye, serial_shops,
          nicolae_shop_crystal, first_bread, fedhas_altar_4, uniq_edmund
D:6:      minmay_temple_entry_crystal_x

Skill      XL: |  1  2  3  4  5  6  7  8 |
---------------+-------------------------+-----
Dodging        | 1 2 3 |  3.3
Shields        | 4 5 6 |  6.7
Fighting       | 4 5 |  5.2
Long Blades    | 3 4 5 |  5.7
Armour         | 4 5 |  5.2

Action                   |  1- 3 |  4- 6 |  7- 9 || total
-------------------------+-------+-------+-------++-------
Melee: Long sword        |   127 |   248 |   194 ||   569
 Abil: Dig               |       |     3 |       ||     3
  Eat: Chunk             |       |     8 |     6 ||    14
Armor: Scale mail        |    65 |    77 |    46 ||   188
Dodge: Dodged            |    47 |    79 |    57 ||   183
Block: Shield            |    85 |   118 |   109 ||   312
